[Event "Titled Tuesday Blitz March 07 Early 2023"]
[White "Degenbaev, Aziz"]
[Black "Carlsen, Magnus"]
[WhiteFideId "13802640"]
[BlackFideId "1503014"]
[WhiteElo "2152"]
[BlackElo "2852"]
[Result "0-1"]
[Round "01"]
[TimeControl "180+2"]
[Date "2023.03.07"]
[WhiteClock "0:01:00"]
[BlackClock "0:02:23"]

1. e4 e5 2. Nf3 Nc6 3. Bc4 Bc5 4. c3 Qe7 5. O-O Nf6 6. d3 a6 7. a4 d6 8. b4 Ba7 9. Bb3 h6 10. Re1 Be6 11. Be3 Bxe3 12. fxe3 Bxb3 13. Qxb3 Qe6 14. Qxe6+ fxe6 15. Nbd2 a5 16. b5 Nb8 17. c4 Nbd7 18. d4 Ke7 19. Rac1 Rhd8 20. c5 dxc5 21. dxc5 b6 22. c6 Nc5 23. Nc4 Nd3 24. Ncxe5 Nxc1 25. Rxc1 Nxe4 26. Nd4 Rd5 27. Nef3 Rad8 28. h3 Rc5 29. Rf1 g5 30. Kh2 Rf8 31. Re1 h5 32. Ng1 e5 33. Ndf3 g4 34. hxg4 hxg4 35. Nh4 Rh8 36. g3 Rc2+ 37. Ne2 Ke6 0-1


[Site "https://www.chess.com"]

[Event "Titled Tuesday Blitz March 07 Early 2023"]
[White "Nakamura, Hikaru"]
[Black "Kuzmin, Roman"]
[WhiteFideId "2016192"]
[BlackFideId "44134932"]
[WhiteElo "2879"]
[BlackElo "2146"]
[Result "1-0"]
[Round "01"]
[TimeControl "180+2"]
[Date "2023.03.07"]
[WhiteClock "0:01:52"]
[BlackClock "0:00:16"]

1. Nf3 Nf6 2. g3 e6 3. Bg2 Be7 4. d3 d5 5. Nbd2 O-O 6. e4 c5 7. O-O Nc6 8. Re1 b5 9. e5 Nd7 10. Nf1 Qc7 11. Bf4 a5 12. h4 Ba6 13. h5 h6 14. Ne3 Rfc8 15. c3 Qd8 16. Ng4 Bf8 17. Qd2 b4 18. c4 dxc4 19. dxc4 Bxc4 20. Bxh6 gxh6 21. Qxd7 Qxd7 22. Nf6+ Kg7 23. Nxd7 Bd5 24. Nb6 c4 25. Nxa8 Rxa8 26. Nd2 Nd4 27. Nxc4 Bxg2 28. Kxg2 Nc2 29. Rac1 Nxe1+ 30. Rxe1 Rc8 31. b3 a4 32. Rd1 axb3 33. axb3 Bc5 34. Rd7 Ra8 35. Rc7 Bd4 36. f4 Ra2+ 37. Kf3 Ra3 38. Ke4 Bg1 39. Nxa3 1-0


[Site "https://www.chess.com"]

[Event "Titled Tuesday Blitz March 07 Early 2023"]
[White "Kalajzic, Ivan"]
[Black "Nihal Sarin"]
[WhiteFideId "14506378"]
[BlackFideId "25092340"]
[WhiteElo "2203"]
[BlackElo "2689"]
[Result "0-1"]
[Round "01"]
[TimeControl "180+2"]
[Date "2023.03.07"]
[WhiteClock "0:00:20"]
[BlackClock "0:00:55"]

1. b3 d5 2. Bb2 Bg4 3. f3 Bf5 4. e4 dxe4 5. Qe2 Nc6 6. fxe4 Bg6 7. Nf3 e6 8. Nc3 Nf6 9. O-O-O Be7 10. h3 O-O 11. g4 a5 12. d3 a4 13. Nd2 Nd4 14. Qf2 axb3 15. Nxb3 c5 16. Kb1 b5 17. e5 Nd7 18. Nxd4 cxd4 19. Qxd4 Bc5 20. Qf4 Qa5 21. Kc1 b4 22. Ne4 Qxa2 23. Nxc5 Nxc5 24. Qc4 b3 25. Rh2 bxc2 26. Rxc2 Nb3+ 27. Qxb3 Qxb3 28. Rc3 Qb6 29. d4 Rfb8 0-1


[Site "https://www.chess.com"]

[Event "Titled Tuesday Blitz March 07 Early 2023"]
[White "Naroditsky, Daniel"]
[Black "Ljukin, Sergei"]
[WhiteFideId "2026961"]
[BlackFideId "14102200"]
[WhiteElo "2633"]
[BlackElo "2312"]
[Result "1-0"]
[Round "01"]
[TimeControl "180+2"]
[Date "2023.03.07"]
[WhiteClock "0:00:45"]
[BlackClock "0:00:17"]

1. e4 e6 2. d4 d5 3. Nd2 Nf6 4. e5 Nfd7 5. Bd3 c5 6. c3 Nc6 7. Ngf3 Qb6 8. O-O Be7 9. dxc5 Bxc5 10. Qe2 f6 11. exf6 Nxf6 12. Nb3 Bd6 13. Nbd4 Nxd4 14. cxd4 O-O 15. Bg5 Bd7 16. Bh4 a6 17. Bg3 Bxg3 18. hxg3 Bb5 19. Rfe1 Bxd3 20. Qxd3 Ne4 21. Re2 Rac8 22. Rae1 Rc6 23. Ne5 Rc7 24. g4 Rfc8 25. f3 Nf6 26. Qe3 Rc2 27. Nd3 Rxe2 28. Rxe2 Re8 29. Ne5 Qb5 30. b3 Nd7 31. a4 1-0


[Site "https://www.chess.com"]

[Event "Titled Tuesday Blitz March 07 Early 2023"]
[White "Estrada Nieto, Julian"]
[Black "Duda, Jan-Krzysztof"]
[WhiteFideId "5101018"]
[BlackFideId "1170546"]
[WhiteElo "2176"]
[BlackElo "2790"]
[Result "0-1"]
[Round "01"]
[TimeControl "180+2"]
[Date "2023.03.07"]
[WhiteClock "0:00:01"]
[BlackClock "0:00:10"]

1. e4 Nc6 2. Nf3 e5 3. Bb5 Bc5 4. c3 Nge7 5. O-O a6 6. Ba4 O-O 7. d4 exd4 8. cxd4 Ba7 9. d5 b5 10. Bb3 Na5 11. Bc2 d6 12. Nc3 h6 13. b3 Bg4 14. Bb2 Rc8 15. h3 Bh5 16. Qd3 c5 17. Ne2 c4 18. Qc3 f6 19. b4 Nb7 20. Nf4 Bf7 21. Nd4 Bxd4 22. Qxd4 Ng6 23. Nxg6 Bxg6 24. a4 Re8 25. axb5 axb5 26. Ra7 Rc7 27. Bc3 Rce7 28. f3 Rf8 29. Rfa1 Kh7 30. Re1 Kh8 31. Kh1 Qc7 32. Qf2 Bh7 33. Qd4 Rfe8 34. Rea1 Qd8 35. R1a6 Rc7 36. Qb6 Qd7 37. Ra8 Bg6 38. Rxe8+ Bxe8 39. Ra8 Rc8 40. Ra7 Rc7 41. Ra8 Rc8 42. Ra7 Rb8 43. Qc6 Qxc6 44. dxc6 Bxc6 45. Bd4 Nd8 46. Re7 Kg8 47. f4 Rb7 48. Rxb7 Bxb7 49. Kg1 Nc6 50. Bc3 Kf7 51. Kf2 Ke6 52. Ke3 Ne7 53. Bd4 h5 54. g4 hxg4 55. hxg4 g5 56. f5+ Kf7 57. Bb6 Nc6 58. Ba5 Ke7 59. Kd2 Nd4 60. Bd1 Nc6 61. Kc3 Kd7 62. Bb6 Ne5 63. Be3 Bxe4 64. Be2 Kc6 65. Bd4 Kd5 66. Bb6 Bd3 67. Bd1 Ke4 68. Bc7 d5 69. Bd8 d4+ 0-1


[Site "https://www.chess.com"]

[Event "Titled Tuesday Blitz March 07 Early 2023"]
[White "Andreikin, Dmitry"]
[Black "Mammadzada, Gunay"]
[WhiteFideId "4158814"]
[BlackFideId "13403729"]
[WhiteElo "2736"]
[BlackElo "2396"]
[Result "1-0"]
[Round "01"]
[TimeControl "180+2"]
[Date "2023.03.07"]
[WhiteClock "0:02:19"]
[BlackClock "0:00:01"]

1. Nf3 d5 2. d4 Nf6 3. c4 c6 4. Qc2 g6 5. cxd5 cxd5 6. Bf4 Bg7 7. e3 O-O 8. Nc3 Nc6 9. Be2 a6 10. h3 Bf5 11. Qb3 Na5 12. Qd1 b5 13. O-O Nc4 14. b3 Nb6 15. Ne5 Rc8 16. Rc1 b4 17. Nb1 a5 18. Nd2 Bd7 19. Ba6 Ra8 20. Bb7 Ra7 21. Bc6 Qe8 22. Qe2 Bxc6 23. Nxc6 Ra8 24. Qb5 Nbd7 25. Rc2 Nh5 26. Bc7 Rc8 27. Bxa5 Nb8 28. Rfc1 Nxc6 29. Rxc6 Ra8 30. Qxd5 e5 31. Bxb4 1-0


[Site "https://www.chess.com"]

[Event "Titled Tuesday Blitz March 07 Early 2023"]
[White "Balla, Tamas-Kristof"]
[Black "Erigaisi Arjun"]
[WhiteFideId "1208497"]
[BlackFideId "35009192"]
[WhiteElo "2334"]
[BlackElo "2737"]
[Result "0-1"]
[Round "01"]
[TimeControl "180+2"]
[Date "2023.03.07"]
[WhiteClock "0:00:06"]
[BlackClock "0:01:23"]

1. e4 c6 2. d4 d5 3. exd5 cxd5 4. c4 Nf6 5. Nc3 e6 6. Nf3 Bb4 7. Bd3 dxc4 8. Bxc4 O-O 9. O-O b6 10. Bg5 Bb7 11. Qe2 Nbd7 12. Rfd1 h6 13. Bh4 Be7 14. Rac1 Rc8 15. Ne5 Nb8 16. Bb3 Nd5 17. Bxd5 exd5 18. Bg3 Bg5 19. Rc2 Nc6 20. h4 Bf6 21. Qg4 Re8 22. Re2 Bxe5 23. dxe5 d4 24. Ne4 Nxe5 25. Bxe5 Rxe5 26. Rxd4 Qe7 27. f3 f5 28. Qh3 fxe4 0-1


[Site "https://www.chess.com"]

[Event "Titled Tuesday Blitz March 07 Early 2023"]
[White "Dubov, Daniil"]
[Black "Leenhouts, Koen"]
[WhiteFideId "24126055"]
[BlackFideId "1008439"]
[WhiteElo "2802"]
[BlackElo "2409"]
[Result "0-1"]
[Round "01"]
[TimeControl "180+2"]
[Date "2023.03.07"]
[WhiteClock "0:00:15"]
[BlackClock "0:00:12"]

1. d4 d5 2. Nf3 Nf6 3. Bf4 a6 4. e3 c5 5. Nbd2 cxd4 6. exd4 Nc6 7. c3 Bg4 8. Bd3 e6 9. O-O Bd6 10. Bxd6 Qxd6 11. Re1 O-O 12. Qb1 Bxf3 13. Nxf3 g6 14. Ne5 Nd7 15. Nf3 e5 16. dxe5 Ndxe5 17. Nxe5 Nxe5 18. Be2 Rad8 19. Rd1 Rfe8 20. Qc2 Qb6 21. Qb3 Qc6 22. Rd4 Nd7 23. Bf3 Nc5 24. Qd1 Qb6 25. Qc2 Qe6 26. h3 Rd6 27. Rad1 Red8 28. Qd2 Qf5 29. Bxd5 Ne6 30. Bxe6 Rxd4 31. cxd4 fxe6 32. Re1 Qd5 33. Qb4 b5 34. Qe7 Rd7 35. Qxe6+ Qxe6 36. Rxe6 Rxd4 37. Rxa6 Rd1+ 38. Kh2 Rd2 39. b4 Rxf2 40. Ra4 bxa4 0-1


[Site "https://www.chess.com"]

[Event "Titled Tuesday Blitz March 07 Early 2023"]
[White "Kozin, Yuri"]
[Black "Pranav, V"]
[WhiteFideId "4129920"]
[BlackFideId "25060783"]
[WhiteElo "2506"]
[BlackElo "2500"]
[Result "0-1"]
[Round "01"]
[TimeControl "180+2"]
[Date "2023.03.07"]
[WhiteClock "0:00:11"]
[BlackClock "0:00:12"]

1. e4 c5 2. Nf3 d6 3. d4 cxd4 4. Nxd4 Nf6 5. Nc3 g6 6. Bc4 Bg7 7. Bb3 O-O 8. h3 Nc6 9. Be3 a6 10. O-O Bd7 11. Re1 Rc8 12. Qd2 b5 13. a3 Na5 14. Bh6 Qb6 15. Bxg7 Kxg7 16. Nd5 Nxd5 17. exd5 Rfe8 18. Re2 Nxb3 19. Nxb3 e5 20. dxe6 Bxe6 21. Nd4 Bd7 22. Rxe8 Rxe8 23. Rd1 Bc8 24. Nf3 Rd8 25. Qf4 Qc5 26. c3 Qf5 27. Qh4 Qf6 28. Qg3 Bb7 29. Ng5 h6 30. Nf3 Bxf3 31. Qxf3 Qxf3 32. gxf3 Kf6 33. Kg2 Ke7 34. f4 Rc8 35. Kf3 Rc5 36. Rd4 Rh5 37. Kg3 Ke6 38. a4 Rd5 39. Re4+ Kf5 40. Rb4 f6 41. f3 h5 42. Re4 a5 43. c4 bxc4 44. Rxc4 Rd2 45. b4 d5 46. Rc5 axb4 47. Rb5 Rd4 48. a5 h4+ 49. Kxh4 Kxf4 50. a6 Kxf3# 0-1


[Site "https://www.chess.com"]

[Event "Titled Tuesday Blitz March 07 Early 2023"]
[White "Lazavik, Denis"]
[Black "UNSTOPPABLE_LEGEND"]
[WhiteFideId "13515110"]
[WhiteElo "2560"]
[BlackElo "2505"]
[Result "1-0"]
[Round "01"]
[TimeControl "180+2"]
[Date "2023.03.07"]
[WhiteClock "0:00:28"]
[BlackClock "0:00:07"]

1. d4 Nf6 2. c4 e6 3. Nf3 d5 4. g3 dxc4 5. Bg2 c5 6. O-O Nc6 7. Qa4 Bd7 8. Qxc4 b5 9. Qc3 b4 10. Qd3 Rc8 11. dxc5 Bxc5 12. Nbd2 e5 13. Ne4 Nxe4 14. Qxe4 O-O 15. Be3 Nd4 16. Bxd4 exd4 17. Ne5 Re8 18. Qd5 Be6 19. Qxd8 Rexd8 20. Rac1 Bf8 21. Nc6 Rd7 22. Rfd1 Rdc7 23. Rxd4 Bxa2 24. Ra1 b3 25. Rc1 a5 26. Rdc4 Kh8 27. Nxa5 Rxc4 28. Rxc4 Rd8 29. Be4 g6 30. Bd3 Kg8 31. Rc7 Bb4 32. Nc6 Bc3 33. Nxd8 Bxb2 34. Nxf7 Bf6 35. Nh6+ Kh8 36. Bc4 b2 37. Bxa2 1-0


[Site "https://www.chess.com"]

[Event "Titled Tuesday Blitz March 07 Early 2023"]
[White "Erzhanov, Arman"]
[Black "Hakobyan, Aram"]
[WhiteFideId "4138821"]
[BlackFideId "13306677"]
[WhiteElo "2138"]
[BlackElo "2563"]
[Result "0-1"]
[Round "01"]
[TimeControl "180+2"]
[Date "2023.03.07"]
[WhiteClock "0:00:02"]
[BlackClock "0:01:24"]

1. e4 g6 2. d4 Bg7 3. c3 d6 4. Nf3 Nc6 5. Bd3 e5 6. dxe5 Nxe5 7. Nxe5 Bxe5 8. O-O Ne7 9. Bh6 Ng8 10. Be3 Bg7 11. f4 Nf6 12. e5 Ng4 13. Bd4 dxe5 14. fxe5 O-O 15. Qe2 Nxe5 16. Bxe5 Bxe5 17. Qxe5 Qxd3 18. Qxc7 Qe3+ 19. Kh1 Qe2 20. Na3 Qxb2 21. Nc4 Qxc3 22. Rac1 Qb4 23. Nd6 Be6 24. Rf2 Rad8 25. Rd1 Rd7 0-1


[Site "https://www.chess.com"]

[Event "Titled Tuesday Blitz March 07 Early 2023"]
[White "Matlakov, Maxim"]
[Black "surrenderPLS"]
[WhiteFideId "4168003"]
[WhiteElo "2666"]
[BlackElo "2504"]
[Result "1-0"]
[Round "01"]
[TimeControl "180+2"]
[Date "2023.03.07"]
[WhiteClock "0:01:34"]
[BlackClock "0:00:05"]

1. e4 c5 2. Nf3 d6 3. Bb5+ Nd7 4. O-O a6 5. Bxd7+ Bxd7 6. c3 g6 7. d4 cxd4 8. cxd4 Bg7 9. h3 Nf6 10. Nc3 O-O 11. Re1 Bc6 12. Bg5 h6 13. Bh4 b5 14. a3 Rc8 15. Rc1 Qb6 16. Qe2 Rfe8 17. Rcd1 Nh5 18. Qe3 g5 19. Nxg5 hxg5 20. Qxg5 Nf6 21. Rd3 Nh7 22. Qg4 Kh8 23. Bxe7 Rg8 24. Qf4 Bd7 25. Bxd6 Bxd4 26. Rxd4 1-0


[Site "https://www.chess.com"]

[Event "Titled Tuesday Blitz March 07 Early 2023"]
[White "Baches Garcia, Guillermo"]
[Black "Alekseenko, Kirill"]
[WhiteFideId "2209764"]
[BlackFideId "4135539"]
[WhiteElo "2498"]
[BlackElo "2683"]
[Result "0-1"]
[Round "01"]
[TimeControl "180+2"]
[Date "2023.03.07"]
[WhiteClock "0:00:04"]
[BlackClock "0:00:24"]

1. e4 e5 2. Nf3 Nc6 3. Nc3 Nf6 4. d4 exd4 5. Nxd4 Nxe4 6. Nxe4 Qe7 7. Bd3 Nxd4 8. O-O Ne6 9. f4 d5 10. Ng5 Nxg5 11. fxg5 Qc5+ 12. Kh1 Be6 13. b4 Qxb4 14. Be3 O-O-O 15. Bxa7 d4 16. Qf3 Qa5 17. Rfb1 Qxa7 18. Be4 b6 19. a4 Qa5 20. Ba8 Bd5 21. Bxd5 Qxd5 22. Qd3 Bc5 23. a5 Rhe8 24. a6 Kb8 25. a7+ Ka8 26. h3 Re3 27. Qxh7 Rde8 28. Rf1 d3 29. cxd3 Rxd3 30. Rae1 Rd8 31. g6 fxg6 32. Qxg7 Rxh3# 0-1


[Site "https://www.chess.com"]

[Event "Titled Tuesday Blitz March 07 Early 2023"]
[White "Tabatabaei, M. Amin"]
[Black "TimGrutter03"]
[WhiteFideId "12521213"]
[WhiteElo "2575"]
[BlackElo "2497"]
[Result "1-0"]
[Round "01"]
[TimeControl "180+2"]
[Date "2023.03.07"]
[WhiteClock "0:01:40"]
[BlackClock "0:00:45"]

1. d4 Nf6 2. c4 g6 3. Nc3 Bg7 4. e4 d6 5. Nf3 O-O 6. Be2 e5 7. O-O exd4 8. Nxd4 Re8 9. f3 c6 10. Kh1 d5 11. cxd5 cxd5 12. Bg5 Nc6 13. Bb5 h6 14. Nxc6 bxc6 15. Bxc6 hxg5 16. Bxa8 Ba6 17. Bc6 Bxf1 18. Bxe8 d4 19. Bc6 Qb6 20. Nd5 Nxd5 21. Bxd5 Be2 22. Qxe2 1-0


[Site "https://www.chess.com"]

[Event "Titled Tuesday Blitz March 07 Early 2023"]
[White "Liu, Yi"]
[Black "Fedoseev, Vladimir"]
[WhiteFideId "3210588"]
[BlackFideId "24130737"]
[WhiteElo "2264"]
[BlackElo "2752"]
[Result "0-1"]
[Round "01"]
[TimeControl "180+2"]
[Date "2023.03.07"]
[WhiteClock "0:00:18"]
[BlackClock "0:00:36"]

1. e4 c5 2. Nf3 d6 3. d4 cxd4 4. Nxd4 Nf6 5. Nc3 a6 6. Be3 e5 7. Nb3 Be6 8. f3 Nbd7 9. Qd2 h5 10. h3 Rc8 11. O-O-O Qc7 12. Kb1 b5 13. Be2 Nb6 14. Bxb6 Qxb6 15. g4 Be7 16. g5 Nd7 17. h4 Qc7 18. Rh2 Nb6 19. f4 exf4 20. Qxf4 g6 21. e5 dxe5 22. Qf2 O-O 23. Bf3 Nc4 24. Nd2 Nxb2 25. Kxb2 Qxc3+ 26. Kb1 Qxc2+ 27. Ka1 Qxa2# 0-1


[Site "https://www.chess.com"]

[Event "Titled Tuesday Blitz March 07 Early 2023"]
[White "Bortnyk, Olexandr"]
[Black "Karas, Marek"]
[WhiteFideId "14120828"]
[BlackFideId "14928558"]
[WhiteElo "2734"]
[BlackElo "2233"]
[Result "1-0"]
[Round "01"]
[TimeControl "180+2"]
[Date "2023.03.07"]
[WhiteClock "0:00:10"]
[BlackClock "0:00:01"]

1. d4 Nf6 2. Nc3 e6 3. e4 d5 4. Bg5 Be7 5. e5 Nfd7 6. h4 h6 7. Bxe7 Qxe7 8. Qg4 O-O 9. Nh3 c5 10. Nb5 Nc6 11. O-O-O f6 12. Nf4 cxd4 13. Qxe6+ Qxe6 14. Nxe6 fxe5 15. Nxf8 Nxf8 16. Nc7 Rb8 17. Nxd5 Be6 18. Nc7 Bf7 19. Nb5 Nd7 20. Nd6 Nf6 21. Nxf7 Kxf7 22. f3 Ke7 23. Bb5 Nd5 24. Rhe1 Kf6 25. c3 Ne3 26. Rd2 Rc8 27. Bxc6 Rxc6 28. f4 dxc3 29. fxe5+ Ke7 30. Rd6 cxb2+ 31. Kb1 Nc4 32. Rxc6 bxc6 33. e6 a5 34. Kc2 a4 35. Kc3 Ne3 36. Kxb2 Nxg2 37. Re4 g5 38. hxg5 hxg5 39. Rg4 Nf4 40. Rxg5 Nxe6 41. Ra5 Kd6 42. Rxa4 Nc5 43. Rh4 Kc7 44. Kc3 Kb6 45. Kc4 Nd7 46. Rh5 Nb8 47. a4 Nd7 48. a5+ Ka6 49. Kb4 Nb8 50. Rh7 c5+ 51. Kxc5 Kxa5 52. Ra7+ Na6+ 53. Kc6 Kb4 54. Rxa6 1-0


[Site "https://www.chess.com"]

[Event "Titled Tuesday Blitz March 07 Early 2023"]
[White "Hebden, Mark L"]
[Black "Oparin, Grigoriy"]
[WhiteFideId "400084"]
[BlackFideId "24125890"]
[WhiteElo "2436"]
[BlackElo "2641"]
[Result "0-1"]
[Round "01"]
[TimeControl "180+2"]
[Date "2023.03.07"]
[WhiteClock "0:00:59"]
[BlackClock "0:00:29"]

1. d4 Nf6 2. Nf3 e6 3. c3 d5 4. Bg5 Nbd7 5. Nbd2 h6 6. Bh4 Be7 7. e3 b6 8. Bb5 O-O 9. Qa4 Bb7 10. Bxd7 Nxd7 11. Bxe7 Qxe7 12. O-O c5 13. Rfe1 Rfc8 14. Rad1 a5 15. e4 cxd4 16. Qxd4 dxe4 17. Nxe4 Bxe4 18. Qxd7 Qxd7 19. Rxd7 Bxf3 20. gxf3 Rc5 21. Red1 Rb5 22. b3 Rc5 23. c4 b5 24. cxb5 Rxb5 25. Rd8+ Rxd8 26. Rxd8+ Kh7 27. Ra8 g5 28. Kf1 Kg6 29. Ra7 f6 30. Ke2 h5 31. Kd3 h4 32. Kc4 Re5 33. a4 h3 34. Ra8 Re2 35. Rxa5 Rxf2 36. Ra8 Rxh2 37. Rh8 f5 38. a5 g4 39. fxg4 fxg4 40. b4 Kf5 41. b5 Ra2 42. a6 h2 43. Kb3 Ra5 44. Kb4 g3 45. Kxa5 g2 46. a7 g1=Q 47. Rxh2 Qxa7+ 0-1


[Site "https://www.chess.com"]

[Event "Titled Tuesday Blitz March 07 Early 2023"]
[White "Kramnik, Vladimir"]
[Black "Bernat, David"]
[WhiteFideId "4101588"]
[BlackFideId "2099225"]
[WhiteElo "2712"]
[BlackElo "2486"]
[Result "1-0"]
[Round "01"]
[TimeControl "180+2"]
[Date "2023.03.07"]
[WhiteClock "0:01:25"]
[BlackClock "0:00:44"]

1. Nf3 c5 2. b3 g6 3. Bb2 Nf6 4. c4 Bg7 5. g3 O-O 6. Bg2 d5 7. cxd5 Nxd5 8. Bxg7 Kxg7 9. O-O Nc6 10. d4 cxd4 11. Nxd4 Nxd4 12. Qxd4+ Nf6 13. Qe3 Qb6 14. Qxb6 axb6 15. Nc3 Ra5 16. Rfd1 b5 17. b4 Ra6 18. Nxb5 Rb6 19. Nc3 Rxb4 20. Rab1 Rc4 21. Rb3 b6 22. Nd5 Nxd5 23. Bxd5 Rc2 24. Rxb6 Rd8 25. Rbb1 Rxe2 26. a4 Bf5 27. Bc4 Rxd1+ 28. Rxd1 Rc2 29. Bd5 Bh3 30. Ra1 Rc5 31. Bg2 Bxg2 32. Kxg2 Ra5 33. Kf3 Kf6 34. Ke4 e5 35. Kd3 Kf5 36. Kc4 Ke4 37. Ra3 f5 38. f3# 1-0


[Site "https://www.chess.com"]

[Event "Titled Tuesday Blitz March 07 Early 2023"]
[White "Khamdamova, Afruza"]
[Black "Shimanov, Aleksandr"]
[WhiteFideId "14210444"]
[BlackFideId "4198603"]
[WhiteElo "2210"]
[BlackElo "2631"]
[Result "0-1"]
[Round "01"]
[TimeControl "180+2"]
[Date "2023.03.07"]
[WhiteClock "0:00:02"]
[BlackClock "0:00:19"]

1. e4 c6 2. d4 d5 3. e5 Bf5 4. Nf3 e6 5. Bd3 Bxd3 6. Qxd3 Qa5+ 7. Bd2 Qa6 8. Qxa6 Nxa6 9. O-O c5 10. c3 Ne7 11. Na3 Nc6 12. Nb5 Kd7 13. Ng5 Nd8 14. Rac1 h6 15. Nf3 c4 16. b3 cxb3 17. axb3 Nc6 18. c4 Nab4 19. c5 Be7 20. Ra1 a6 21. Nd6 Bxd6 22. exd6 f6 23. Ra4 Nd3 24. Rd1 e5 25. Bc3 Nf4 26. Kf1 e4 27. Ne1 f5 28. g3 Nh5 29. Nc2 Ke6 30. f4 g5 31. Bd2 Rhg8 32. b4 gxf4 33. gxf4 Rad8 34. Ra3 Rg6 35. Rh3 Nf6 36. Be3 Rdg8 37. Ne1 Ng4 38. Rb1 Nxe3+ 39. Rxe3 Nxd4 40. Rd1 Nc6 41. Rb3 Rg1+ 42. Kf2 Rh1 43. Rh3 Rg6 44. Rb1 d4 45. b5 axb5 46. Rxb5 Kd5 47. Rxb7 Kxc5 48. d7 Rd6 49. Rc7 Kb6 50. Rxc6+ Kxc6 51. Rxh6 Kxd7 52. Rh7+ Kc6 53. h4 d3 54. Ng2 Rh2 55. Kg3 Rxg2+ 56. Kxg2 d2 57. Rh8 0-1


[Site "https://www.chess.com"]

[Event "Titled Tuesday Blitz March 07 Early 2023"]
[White "Durarbayli, Vasif"]
[Black "Buksa, Nataliya"]
[WhiteFideId "13402935"]
[BlackFideId "14123622"]
[WhiteElo "2543"]
[BlackElo "2316"]
[Result "1-0"]
[Round "01"]
[TimeControl "180+2"]
[Date "2023.03.07"]
[WhiteClock "0:00:06"]
[BlackClock "0:00:07"]

1. e4 c5 2. Nf3 Nc6 3. d4 cxd4 4. Nxd4 e5 5. Nb5 d6 6. N1c3 a6 7. Na3 Be7 8. Nd5 Nf6 9. Nxf6+ Bxf6 10. Nc4 Be7 11. Be3 b5 12. Nb6 Rb8 13. Nxc8 Qxc8 14. a4 O-O 15. axb5 axb5 16. Be2 Rd8 17. O-O Bf6 18. c3 Qb7 19. Qd5 h6 20. Rfd1 Bg5 21. Bxg5 hxg5 22. Bh5 Kf8 23. Bxf7 Nb4 24. Qxb7 Rxb7 25. Bb3 Nc6 26. Ra6 Rc7 27. Rb6 b4 28. Bd5 Ne7 29. Rxb4 Nxd5 30. Rxd5 Ra8 31. g3 Ra6 32. Rd2 Ke7 33. h3 Ra1+ 34. Kg2 Ra6 35. Kf3 Ke6 36. Kg4 Kf6 37. Rd3 Rca7 38. Rf3+ Kg6 39. Rf5 Rc7 40. Rxg5+ Kf6 41. Rf5+ Ke6 42. h4 Rac6 43. Rg5 Kf6 44. h5 Ra7 45. Rg6+ Kf7 46. f4 exf4 47. gxf4 Rca6 48. Kf5 Ra5+ 49. e5 dxe5 50. fxe5 Re7 51. Re4 Rb5 52. b4 Kf8 53. h6 gxh6 54. Rxh6 Rf7+ 55. Rf6 Ke7 56. Rxf7+ Kxf7 57. Rc4 Ke7 58. Rc7+ Kd8 59. Rh7 Rd5 60. Rh3 Rd1 61. Ke6 Rg1 62. b5 Rg6+ 63. Kd5 Kc7 64. c4 Kb6 65. Rf3 Rg1 66. Rf6+ Kc7 67. b6+ Kb7 68. Kc5 Re1 69. Rf7+ Kb8 70. Re7 Rh1 71. Kc6 Rh8 72. c5 Rd8 73. e6 Rc8+ 74. Rc7 Re8 75. e7 Rh8 76. Kd7 Rh7 77. c6 Rg7 78. Rc8# 1-0


[Site "https://www.chess.com"]

[Event "Titled Tuesday Blitz March 07 Early 2023"]
[White "Manukian, Artak"]
[Black "Bok, Benjamin"]
[WhiteFideId "13301373"]
[BlackFideId "1017063"]
[WhiteElo "2130"]
[BlackElo "2658"]
[Result "0-1"]
[Round "01"]
[TimeControl "180+2"]
[Date "2023.03.07"]
[WhiteClock "0:01:17"]
[BlackClock "0:00:32"]

1. e4 c5 2. Nf3 d6 3. Bb5+ Nd7 4. O-O a6 5. Bd3 Ngf6 6. Re1 e6 7. c3 Be7 8. Bc2 b5 9. a4 Bb7 10. d4 cxd4 11. cxd4 O-O 12. e5 dxe5 13. dxe5 Nd5 14. Nbd2 Nc5 15. Qe2 Nb4 16. Bb1 Ncd3 17. Rd1 Rc8 18. Bxd3 Qxd3 19. Qxd3 Nxd3 20. axb5 axb5 21. Nf1 Rfd8 22. Bg5 Bxg5 23. Nxg5 h6 24. Nf3 Bxf3 25. gxf3 Nxe5 26. Rxd8+ Rxd8 27. Kg2 Nd3 28. Ne3 Nxb2 29. Rb1 Rd2 30. Nf1 Re2 31. Ng3 Rc2 32. Ne4 f5 33. Nd6 b4 34. Nb5 Nd3 35. Nd4 Rxf2+ 36. Kg1 Rb2 37. Rxb2 Nxb2 38. Nxe6 Kf7 39. Nd4 Kf6 40. Kf2 Nc4 41. f4 g5 42. Kg3 Nd2 43. Kf2 b3 0-1


[Site "https://www.chess.com"]

[Event "Titled Tuesday Blitz March 07 Early 2023"]
[White "Tsydypov, Zhamsaran"]
[Black "Yosha_Iglesias"]
[WhiteFideId "4108566"]
[WhiteElo "2584"]
[BlackElo "2479"]
[Result "1-0"]
[Round "01"]
[TimeControl "180+2"]
[Date "2023.03.07"]
[WhiteClock "0:02:02"]
[BlackClock "0:00:41"]

1. d4 d5 2. Nf3 Nf6 3. c4 e6 4. g3 h6 5. Bg2 Bd6 6. O-O O-O 7. Qc2 b6 8. cxd5 exd5 9. Nc3 Re8 10. Nb5 Bd7 11. Nxd6 cxd6 12. Bf4 Ne4 13. Nd2 Bf5 14. g4 Bg6 15. Qd1 Nc6 16. e3 Rc8 17. Nxe4 Bxe4 18. f3 Bg6 19. Qb3 Ne7 20. Rac1 Qd7 21. h4 f6 22. h5 Bf7 23. Kh2 Rxc1 24. Rxc1 Rc8 25. Rxc8+ Nxc8 26. Qc3 Be6 27. Bf1 Ne7 28. Qb4 Nc6 29. Qxd6 Qxd6 30. Bxd6 Na5 31. b3 Kf7 32. Bb5 Nb7 33. Bb8 1-0


[Site "https://www.chess.com"]

[Event "Titled Tuesday Blitz March 07 Early 2023"]
[White "Ronka, Erik"]
[Black "Narayanan.S.L"]
[WhiteFideId "505080"]
[BlackFideId "5058422"]
[WhiteElo "2264"]
[BlackElo "2547"]
[Result "0-1"]
[Round "01"]
[TimeControl "180+2"]
[Date "2023.03.07"]
[WhiteClock "0:00:04"]
[BlackClock "0:02:08"]

1. e4 e6 2. d4 d5 3. Nc3 Bb4 4. e5 b6 5. a3 Bf8 6. Nf3 c5 7. Bg5 Be7 8. h4 h6 9. Bxe7 Nxe7 10. Nb5 O-O 11. c3 Ba6 12. Nd6 Bxf1 13. Kxf1 Nbc6 14. Qe2 Nc8 15. Nxc8 Rxc8 16. g3 cxd4 17. cxd4 f6 18. Kg2 fxe5 19. dxe5 Qd7 20. Rac1 Rf7 21. Rc3 Rcf8 22. Rhc1 Ne7 23. Rc7 Qa4 24. R1c3 Qg4 25. Rxa7 Ng6 26. Rxf7 Rxf7 27. Qe3 Rxf3 28. Qxb6 Nxh4+ 29. Kg1 Rxc3 30. bxc3 Nf3+ 31. Kg2 Ng5 32. Qd8+ Kh7 33. Qf8 Qe4+ 34. Kh2 Nf3+ 35. Kh3 Nxe5 36. a4 Qh1# 0-1


[Site "https://www.chess.com"]

[Event "Titled Tuesday Blitz March 07 Early 2023"]
[White "Terry, Renato"]
[Black "Goltseva, Ekaterina"]
[WhiteFideId "3803457"]
[BlackFideId "24173770"]
[WhiteElo "2579"]
[BlackElo "2200"]
[Result "1-0"]
[Round "01"]
[TimeControl "180+2"]
[Date "2023.03.07"]
[WhiteClock "0:00:24"]
[BlackClock "0:00:03"]

1. e4 e6 2. d4 d5 3. exd5 exd5 4. Nf3 Bd6 5. c4 dxc4 6. Bxc4 Nf6 7. O-O O-O 8. Nc3 h6 9. Re1 Bg4 10. h3 Bh5 11. g4 Bg6 12. Ne5 Bxe5 13. dxe5 Qxd1 14. Rxd1 Ne4 15. Nd5 Nc6 16. f4 Rad8 17. Be3 h5 18. Nxc7 Rc8 19. Nd5 hxg4 20. hxg4 Nxe5 21. Ne7+ Kh8 22. Be2 Rce8 23. Nd5 Ng3 24. fxe5 Nxe2+ 25. Kf2 Rxe5 26. Kxe2 Be4 27. Nc3 Bc6 28. Kf2 Rfe8 29. Re1 f6 30. Bxa7 Rd8 31. Rxe5 fxe5 32. Rd1 Rf8+ 33. Ke1 Bf3 34. Rd7 e4 35. Bd4 Rg8 36. g5 Kh7 37. Rd6 Rc8 38. Kf2 Rf8 39. Kg3 g6 40. Rd7+ Kg8 41. Rg7+ Kh8 42. Nd5 Rf5 43. Rxg6+ Kh7 44. Rh6+ Kg8 45. g6 Rg5+ 46. Kf4 Rg4+ 47. Ke3 Kf8 48. Rh8# 1-0


[Site "https://www.chess.com"]